 Dungeon Crawl Stone Soup version 0.28.0-53-g5a82cb258f (webtiles) character file.

Game seed: 1112083332074528276

5656 Plasmagod the Thaumaturge (level 11, -2/68 HPs)
             Began as a Djinni Hedge Wizard on July 18, 2022.
             Was a Priest of Ashenzari.
             Slain by a sixfirhy (9 damage)
             ... summoned by a kobold demonologist
             ... on level 10 of the Dungeon.
             The game lasted 00:43:21 (9269 turns).

Plasmagod the Thaumaturge (Djinni Hedge Wizard)     Turns: 9269, Time: 00:43:22

Health: -2/68      AC:  4    Str:  9    XL:     11   Next: 4%
Gold:   560        EV: 13    Int: 25    God:    Ashenzari [***...] SH:  8 Dex: 18

rFire   + + .      SeeInvis +   b - +4 dagger of Ashenzari's Irritation {Melee, Range} (curse)
rCold   x . .      Faith    .   e - +1 buckler {rPois}
rNeg    . . .      Spirit   .   B - +1 robe "Share My Visionary" {Int+5 Dex+5, Melee, Fort} (curse)
rPois   ∞          Reflect  .   c - +0 hat
rElec   .          Harm     .   (no cloak)
rCorr   .          Rampage  .   j - +0 pair of gloves
Will    +....      Clarity  +   (boots unavailable)
Stlth   +++.......              k - amulet "Gaze Upon Infinity" {Regen+, Self, Range} (curse)
HPRegen 1.01/turn               l - ring "Manifest Trepidation" {Wiz, Self, Fort} (curse)
MPRegen 0.00/turn               (no ring)

@: flying
A: sickness immunity, fire resistance 2, cold vulnerability 1, float, innate
caster, HP casting, extra vitality 1
a: Renounce Religion, Shatter the Chains


You were on level 10 of the Dungeon.
You worshipped Ashenzari.
Ashenzari was most pleased with you.
You visited 2 branches of the dungeon, and saw 11 of its levels.
You also visited: Sewer.

You collected 560 gold pieces.

Inventory:

Hand Weapons
 b - the cursed +4 dagger of Ashenzari's Irritation (weapon) {Melee, Range}
   (You took it off a wight on level 7 of the Dungeon)

   It has a curse which improves the following skills: Melee Combat: Short
   Blades, Long Blades, Axes, Maces & Flails, Polearms, Staves and Unarmed
   Combat.
   Ranged Combat: Slings, Bows, Crossbows and Throwing.
Missiles
 h - 124 stones
Armour
 c - a +0 hat (worn)
 e - a +1 buckler of poison resistance (worn)
 j - a +0 pair of gloves (worn)
 B - the cursed +1 robe "Share My Visionary" (worn) {Int+5 Dex+5, Melee, Fort}
   (You found it on level 6 of the Dungeon)

   Int:       It affects your intelligence (+5).
   Dex:       It affects your dexterity (+5).
   It has a curse which improves the following skills: Melee Combat: Short
   Blades, Long Blades, Axes, Maces & Flails, Polearms, Staves and Unarmed
   Combat.
   Fortitude: Armour and Shields.
Jewellery
 k - the cursed amulet "Gaze Upon Infinity" (around neck) {Regen+, Self, Range}
   (You found it on level 2 of the Dungeon)

   [amulet of regeneration]

   Regen:     It increases your rate of health regeneration.
   It has a curse which improves the following skills: Introspection: Fighting
   and Spellcasting.
   Ranged Combat: Slings, Bows, Crossbows and Throwing.
 l - the cursed ring "Manifest Trepidation" (left hand) {Wiz, Self, Fort}
   (You took it off a hobgoblin on level 4 of the Dungeon)

   [ring of wizardry]

   It improves your spell success rate.
   It has a curse which improves the following skills: Introspection: Fighting
   and Spellcasting.
   Fortitude: Armour and Shields.
 t - an amulet of the acrobat
Wands
 a - a wand of iceblast (8)
 v - a wand of acid (5)
 x - a wand of charming (8)
 D - a wand of flame (22)
Scrolls
 d - 3 scrolls of amnesia
 g - a scroll of holy word
 o - a scroll of acquirement
 u - a scroll of enchant armour
 w - a scroll of summoning
 y - 4 scrolls of identify
 z - a scroll of teleportation
 C - a scroll of blinking
Potions
 f - 5 potions of curing
 i - 3 potions of attraction
 m - 3 potions of mutation
 n - 3 potions of might
 p - 2 potions of flight
 q - 2 potions of ambrosia
 r - 4 potions of brilliance
 s - a potion of magic
 A - 3 potions of cancellation


   Skills:
 + Level 0.8(2.1) Fighting
 + Level 1.0(2.4) Short Blades
 + Level 3.8 Dodging
 + Level 3.4 Stealth
 * Level 6.7(9.2) Shields
 + Level 10.6(13.0) Spellcasting


You had 10 spell levels left.
You knew the following spells:

 Your Spells              Type           Power      Damage    Failure   Level
a - Magic Dart            Conj           100%       1d8       0%          1
b - Blink                 Tloc           100%       N/A       1%          2
c - Call Imp              Summ           69%        N/A       1%          2
d - Slow                  Hex            100%       N/A       0%          1
e - Conjure Flame         Conj/Fire      69%        6-21      1%          3
f - Mephitic Cloud        Conj/Pois/Air  69%        N/A       1%          3
g - Sandblast             Erth           100%       2d20      0%          1
h - Scorch                Fire           100%       2d10      1%          2
i - Lesser Beckoning      Tloc           69%        N/A       1%          3
j - Hailstorm             Conj/Ice       69%        3d14      1%          4
k - Petrify               Tmut/Erth      69%        N/A       1%          4
Your spell library was empty.

Dungeon Overview and Level Annotations

Branches:
Dungeon (10/15)            Temple (1/1) D:4           Sewer (visited)
   Lair: D:8-11         Orc: D:9-12

Altars:
Ashenzari
Cheibriados
Dithmenos
Elyvilon
Fedhas
Gozag
Hepliaklqana
Kikubaaqudgha
Nemelex Xobeh
Okawaru
Qazlal
Ru
Sif Muna
Trog
Uskayaw
Vehumet
Wu Jian
Xom
Yredelemnul
Zin
The Shining One

Shops:
D:6 *([((


Innate Abilities, Weirdness & Mutations

You are immune to sickness and miasma.
You are immune to poison.
Your flesh is very heat resistant. (rF++)
You are vulnerable to cold. (rC-)
You float through the air rather than walking.
You learn spells naturally, not from books.
Your magical power is your life essence.
You have superior vitality. (+4 MHP)


Message History

The sixfirhy hits you! The sixfirhy shocks you!
* * * LOW HITPOINT WARNING * * *
You block the kobold demonologist's attack.
The white imp barely misses you.
Okay, then.
Okay, then.
Okay, then.
Casting: Slow (safe; 0% risk of failure)
Confirm with . or Enter, or press ? or * to list all spells.
You blink.
* * * LOW HITPOINT WARNING * * *
The white imp gestures at you. The puff of frost misses you.
Aiming: Magic Dart (safe; 0% risk of failure)
Press: ? - help, Q - select action, (/) - cycle Shift-Dir - straight line, f/p - kobold demonologist
Aim: a kobold demonologist, wielding a +0 dagger and wearing a +0 robe (severely wounded, slow, 100% to hit)
The magic dart hits the white imp but does no damage.
* * * LOW HITPOINT WARNING * * *
Aiming: Magic Dart (safe; 0% risk of failure)
Press: ? - help, Q - select action, (/) - cycle Shift-Dir - straight line, f/p - kobold demonologist
Aim: a kobold demonologist, wielding a +0 dagger and wearing a +0 robe (severely wounded, slow, 100% to hit)
The magic dart hits the white imp.
The white imp is heavily wounded.
* * * LOW HITPOINT WARNING * * *
Casting: Magic Dart (safe; 0% risk of failure)
Confirm with . or Enter, or press ? or * to list all spells.
Casting: Hailstorm (safe; 1% risk of failure)
Press: ? - help, Dir - look around, f - activate A cannonade of hail descends around you!
The hail pelts the white imp!!
The white imp partially resists.
You kill the white imp!
The white imp disappears in a puff of smoke!
The hail pelts the white imp.
The white imp partially resists.
You kill the white imp!
The white imp disappears in a puff of smoke!
* * * LOW HITPOINT WARNING * * *
The sixfirhy barely misses you. The sixfirhy hits you.
* * * LOW HITPOINT WARNING * * *
The sixfirhy shocks you!
You die...

≈ ..# , ,
##.###.#.# ≈ ≈
,#.<....... , ,
,,#.......#.
########.K5.......
##.......§......#.#
*
.........§.........
, ,
#...............#.
*
#.....@3..........
,
##.............#.#
##.....#..... ,
####### .... * ,*
### *, * ,


You could see a kobold demonologist (slow), a sixfirhy (summoned) and an iron
imp (summoned).

Vanquished Creatures
  Maggie (D:6)
  A shadow (D:9)
  10 yaks
  2 wyverns (D:9)
  A steam dragon (D:9)
  2 water moccasins
  An ice beast (D:8)
  A hornet zombie (D:8)
  3 orc warriors
  2 sky beasts (D:5)
  A black bear (D:6)
  2 necrophages
  3 centaurs (D:7)
  2 phantoms (D:5)
  3 bullfrogs
  3 gnoll sergeants (D:9)
  2 scorpions (D:4)
  5 killer bees (D:9)
  3 wights (D:7)
  2 howler monkeys (D:8)
  A centaur zombie (D:9)
  A bullfrog zombie (D:6)
  A jelly (D:5)
  3 bullfrog skeletons
  A hound (D:5)
  3 orc priests
  A centaur skeleton (D:6)
  An iguana (D:5)
  Jessica (D:2)
  Natasha (thrice) (D:2)
  7 orc wizards
  A killer bee zombie (D:7)
  A hound skeleton (D:4)
  Robin (D:2)
  3 gnolls (D:9)
  7 adders
  3 river rats (Sewer)
  3 shadow imps
  2 white imps
  An ufetubus (D:7)
  An adder skeleton (D:4)
  4 worms
  2 dart slugs
  28 orcs
  7 endoplasms
  4 giant cockroaches
  15 goblins
  8 hobgoblins
  A jackal (D:2)
  A quokka (D:2)
  6 ball pythons
  6 bats
  7 frilled lizards
  4 kobolds
  8 rats
197 creatures vanquished.

Vanquished Creatures (collateral kills)
  An orc (D:3)
  A quokka (D:3)
2 creatures vanquished.

Grand Total: 199 creatures vanquished

Notes
Turn   | Place    | Note
-------+----------+-------------------------------------------
     0 | D:1      | Plasmagod the Djinni Hedge Wizard began the quest for the
                  | Orb.
     0 | D:1      | Reached XP level 1. HP: 15/15 MP: 0/0
   660 | D:1      | Reached XP level 2. HP: 21/21 MP: 0/0
  1290 | D:1      | Reached skill level 3 in Spellcasting
  1551 | D:1      | Reached XP level 3. HP: 23/25 MP: 0/0
  1551 | D:1      | Learned a level 1 spell: Sandblast
  2251 | D:2      | Noticed Jessica
  2255 | D:2      | Noticed Natasha
  2264 | D:2      | Killed Natasha
  2265 | D:2      | Reached XP level 4. HP: 10/31 MP: 0/0
  2278 | D:2      | Killed Jessica
  2617 | D:2      | Noticed Robin
  2631 | D:2      | Killed Robin
  2632 | D:2      | Reached XP level 5. HP: 3/35 MP: 0/0
  2632 | D:2      | Learned a level 2 spell: Scorch
  2864 | D:2      | Noticed Natasha
  2870 | D:2      | Killed Natasha
  2871 | D:2      | Reached skill level 4 in Spellcasting
  3400 | D:2      | Noticed Natasha
  3408 | D:2      | Killed Natasha
  3528 | D:2      | Found a faded altar of an unknown god.
  3863 | D:3      | Found a glowing drain.
  3884 | D:3      | Reached XP level 6. HP: 37/41 MP: 0/0
  3888 | Sewer    | Entered a sewer
  4895 | D:4      | Reached skill level 1 in Shields
  4920 | D:4      | Reached XP level 7. HP: 45/46 MP: 0/0
  4920 | D:4      | Learned a level 3 spell: Lesser Beckoning
  5092 | D:4      | Found a staircase to the Ecumenical Temple.
  5169 | Temple   | Entered the Ecumenical Temple
  5247 | Temple   | Became a worshipper of Ashenzari the Shackled
  5352 | D:4      | Reached skill level 5 in Spellcasting
  5448 | D:4      | Reached skill level 1 in Short Blades
  5518 | D:5      | Entered Level 5 of the Dungeon
  5655 | D:5      | Reached XP level 8. HP: 51/51 MP: 0/0
  5743 | D:5      | Reached skill level 6 in Spellcasting
  6294 | D:5      | Found a glowing silver altar of Zin.
  6294 | D:5      | Found a sparkling altar of Nemelex Xobeh.
  6415 | D:6      | Found Kogue's Antique Weapon Boutique.
  6516 | D:6      | Reached skill level 7 in Spellcasting
  6575 | D:6      | Reached XP level 9. HP: 56/56 MP: 0/0
  6575 | D:6      | Learned a level 4 spell: Hailstorm
  6770 | D:6      | Noticed Maggie
  6783 | D:6      | Killed Maggie
  6815 | D:6      | Found Esofopew's Antique Weapon Shoppe.
  6822 | D:6      | Identified the +1 robe "Koxtuifa" {Int+5 Dex+5}
  6927 | D:6      | Found Loxt's Assorted Antiques.
  7083 | D:6      | Found a glowing golden altar of the Shining One.
  7107 | D:6      | Found Homp's Armour Shoppe.
  7255 | D:6      | Found Siotrix's Weapon Shoppe.
  7338 | D:7      | Reached skill level 8 in Spellcasting
  7378 | D:7      | Reached * piety under Ashenzari
  7378 | D:7      | Identified a scroll of acquirement
  7484 | D:7      | Reached skill level 5 in Shields
  7739 | D:8      | Reached XP level 10. HP: 58/62 MP: 0/0
  7747 | D:8      | Reached skill level 9 in Spellcasting
  8058 | D:8      | Reached ** piety under Ashenzari
  8712 | D:9      | Reached *** piety under Ashenzari
  8752 | D:9      | Reached skill level 10 in Spellcasting
  8852 | D:9      | Reached XP level 11. HP: 65/68 MP: 0/0
  8852 | D:9      | Learned a level 4 spell: Petrify
  9259 | D:10     | Entered Level 10 of the Dungeon
  9262 | D:10     | Noticed a sixfirhy
  9269 | D:10     | Slain by a sixfirhy

Illustrated notes

Levels and vault maps discovered:
D:1:      amcnicky_arrival_abandoned_market, layout_basic
D:2:      minmay_skewed_foursquare, layout_loops_ring,
          ebering_ecumenical_altar_ruins, uniq_natasha, uniq_jessica, uniq_robin
D:3:      layout_basic, cheibrodos_sewer_entry_bend, minmay_curled_crystal,
          st_stairs_14, minivault_26, bh_walls_and_bars
D:4:      layout_cave_pools, minmay_temple_entry_antechambers
D:5:      layout_loops_corners, gammafunk_temple_overflow_statue,
          minmay_misc_feat_nine_boxes
D:6:      layout_cave_pods, nicolae_tso_carved_into_rock, serial_shops,
          nicolae_take_the_stairs, shop, nicolae_stop_n_shop_2, shop,
          kennysheep_mini, serial_column_ruins, column_ruins_square_small,
          column_ruins_square_huge, column_ruins_open_small,
          column_ruins_grid_3, column_ruins_open_tiny, column_ruins_grid_4,
          uniq_maggie
D:7:      layout_gridville
D:8:      layout_loops_ring, minmay_statues_item
D:9:      layout_roguey, minmay_chambers_of_fives
D:10:     layout_rooms, mainiacjoe_overflow_paths,
          grunt_lair_entry_orc_guard_hut, hex_large
Temple:   regret_index_temple_mists

Skill      XL: |  1  2  3  4  5  6  7  8  9 10 |
---------------+-------------------------------+-----
Spellcasting   | 3 4 5 7 8 10 | 10.6
Stealth        | 2 3 |  3.4
Shields        | 1 2 3 5 6 |  6.7
Short Blades   | 1 |  1.0
Dodging        | 3 |  3.8
Fighting       | |  0.8

Action                   |  1- 3 |  4- 6 |  7- 9 | 10-12 || total
-------------------------+-------+-------+-------+-------++-------
Melee: Dagger            |    31 |     8 |       |       ||    39
 Cast: Magic Dart        |    59 |   100 |   101 |    56 ||   316
       Sandblast         |     7 |    66 |    88 |    63 ||   224
       Conjure Flame     |       |     3 |       |       ||     3
       Slow              |       |     1 |     4 |     8 ||    13
       Scorch            |       |     6 |    18 |    10 ||    34
       Mephitic Cloud    |       |     1 |     5 |     2 ||     8
       Call Imp          |       |     1 |     1 |       ||     2
       Hailstorm         |       |       |     4 |     5 ||     9
       Blink             |       |       |       |     2 ||     2
Invok: Curse Item        |       |       |     2 |     2 ||     4
  Use: Scroll            |       |     6 |     4 |       ||    10
       Potion            |       |       |       |     1 ||     1
 Stab: Sleeping          |     1 |       |       |       ||     1
Armor: Robe              |     7 |     5 |     2 |     2 ||    16
Dodge: Dodged            |    23 |    13 |    19 |    23 ||    78
Block: Buckler           |     3 |     4 |    14 |    10 ||    31
